[Event "12th Asrian Memorial 2019"]
[Site "Yerevan"]
[Date "2019.06.13"]
[Round "3.4"]
[White "Baghdasaryan, Vahe"]
[Black "Harutyunian, Tigran K."]
[Result "1-0"]
[ECO "A06"]
[WhiteElo "2357"]
[BlackElo "2552"]
[Annotator "ChessBase"]
[PlyCount "93"]
[EventDate "2019.06.11"]
[EventType "swiss"]
[EventCountry "ARM"]
[SourceTitle "playchess.com"]
[Source "ChessBase"]
[SourceQuality "1"]
[TimeControl "40/5400+30:1800+30"]

1. Nf3 d5 2. g3 g6 3. Bg2 Bg7 4. c4 c6 5. O-O e5 6. cxd5 cxd5 7. d4 e4 8. Ne1 Nc6 9. e3 Nge7 10. f3 f5 11. fxe4 fxe4 12. Nc3 Be6 13. Qb3 Qd7 14. Qa3 Rd8 15. Bd2 h5 16. Nc2 h4 17. gxh4 Nf5 18. Be1 Bf8 19. Qa4 Bd6 20. Bxe4 dxe4 21. d5 Ne5 22. Qxe4 Bf7 23. Nd4 Qe7 24. Rxf5 gxf5 25. Nxf5 Bg6 26. Qa4+ Qd7 27. Nxd6+ Ke7 28. Qxd7+ Kxd7 29. Nxb7 Nf3+ 30. Kg2 Nxe1+ 31. Rxe1 Rdg8 32. e4 Rxh4 33. Kf3 Rxh2 34. Na4 Rh3+ 35. Kf4 Rh4+ 36. Ke5 Re8+ 37. Kf6 Bxe4 38. Nac5+ Kc7 39. d6+ Kc6 40. Nxe4 Rf4+ 41. Kg5 Rff8 42. Na5+ Kb5 43. Nb3 Kc4 44. d7 Re5+ 45. Kg4 Rd5 46. Rc1+ Kd3 47. Rc8 1-0

[Event "12th Asrian Memorial 2019"]
[Site "Yerevan"]
[Date "2019.06.13"]
[Round "3.5"]
[White "Gharibyan, Mamikon"]
[Black "Sargsyan, Shant"]
[Result "1/2-1/2"]
[ECO "A05"]
[WhiteElo "2320"]
[BlackElo "2512"]
[Annotator "ChessBase"]
[PlyCount "96"]
[EventDate "2019.06.11"]
[EventType "swiss"]
[EventCountry "ARM"]
[SourceTitle "playchess.com"]
[Source "ChessBase"]
[SourceQuality "1"]
[TimeControl "40/5400+30:1800+30"]

1. Nf3 Nf6 2. c4 g6 3. Nc3 Bg7 4. e4 e5 5. g3 O-O 6. Bg2 d6 7. O-O Bg4 8. d3 Nc6 9. h3 Bxf3 10. Qxf3 Nd7 11. Rb1 a5 12. h4 Nc5 13. h5 Nd4 14. Qd1 c6 15. Ne2 Nxe2+ 16. Qxe2 Ne6 17. hxg6 fxg6 18. Be3 Qf6 19. b4 Rf7 20. Rfc1 h5 21. Bh3 Kh7 22. bxa5 Rxa5 23. Bxe6 Qxe6 24. Rb2 d5 25. Rcb1 d4 26. Bg5 Ra7 27. Kg2 Bh6 28. Bd8 Ra8 29. Bb6 Qe7 30. Qd1 Ra3 31. Qe2 Ra8 32. Qd1 h4 33. Qg4 hxg3 34. Qxg3 Kg7 35. Rh1 Rh8 36. Rbb1 Rff8 37. Qg4 Rf4 38. Qg3 Rhf8 39. Rb2 Bg5 40. Bc5 Qxc5 41. Qxg5 b5 42. Rh5 R4f6 43. a4 Qa3 44. Qh6+ Kf7 45. Rxe5 Kg8 46. Rg5 Qxb2 47. Rxg6+ Rxg6+ 48. Qxg6+ Kh8 1/2-1/2

[Event "12th Asrian Memorial 2019"]
[Site "Yerevan"]
[Date "2019.06.13"]
[Round "3.6"]
[White "Babujian, Levon"]
[Black "Vardanian, Haik G."]
[Result "0-1"]
[ECO "E21"]
[WhiteElo "2485"]
[BlackElo "2357"]
[Annotator "ChessBase"]
[PlyCount "124"]
[EventDate "2019.06.11"]
[EventType "swiss"]
[EventCountry "ARM"]
[SourceTitle "playchess.com"]
[Source "ChessBase"]
[SourceQuality "1"]
[TimeControl "40/5400+30:1800+30"]

1. d4 Nf6 2. c4 e6 3. Nc3 Bb4 4. Nf3 b6 5. Bg5 Bb7 6. e3 h6 7. Bh4 g5 8. Bg3 Ne4 9. Nd2 Nxg3 10. hxg3 Bxc3 11. bxc3 Qe7 12. Qa4 Bc6 13. Qb3 d6 14. e4 Nd7 15. O-O-O O-O-O 16. Bd3 h5 17. Nf1 g4 18. Ne3 Qg5 19. Kb1 Nf6 20. Qc2 Kb8 21. Ka1 h4 22. gxh4 Rxh4 23. Rhe1 g3 24. f3 Nh5 25. c5 dxc5 26. Ba6 Nf4 27. Nc4 Ng6 28. Na5 Ba8 29. Qa4 Ne7 30. dxc5 Rhh8 31. e5 Rxd1+ 32. Qxd1 Nc6 33. Nc4 Qe7 34. cxb6 axb6 35. Qe2 Qc5 36. Qe3 Qxe3 37. Rxe3 Rh2 38. Re2 Ne7 39. Ne3 Nd5 40. Nxd5 Bxd5 41. Bd3 Bxf3 42. Re3 Bxg2 43. Rxg3 Bd5 44. c4 Bc6 45. Rg8+ Kb7 46. Rf8 Rd2 47. Bb1 Rd4 48. Rxf7 Rxc4 49. Rf2 Bd5 50. Bc2 Rc3 51. Re2 b5 52. Kb2 b4 53. Ba4 Kb6 54. Bd7 c5 55. Rd2 Kc7 56. Bb5 c4 57. Re2 Kb6 58. Ba4 Ra3 59. Bd7 Kc5 60. Kb1 c3 61. Rh2 Be4+ 62. Kc1 b3 0-1

[Event "12th Asrian Memorial 2019"]
[Site "Yerevan"]
[Date "2019.06.13"]
[Round "3.7"]
[White "Mikaelyan, Arman"]
[Black "Der Manuelian, Haik"]
[Result "1/2-1/2"]
[ECO "A11"]
[WhiteElo "2453"]
[BlackElo "2309"]
[Annotator "ChessBase"]
[PlyCount "176"]
[EventDate "2019.06.11"]
[EventType "swiss"]
[EventCountry "ARM"]
[SourceTitle "playchess.com"]
[Source "ChessBase"]
[SourceQuality "1"]
[TimeControl "40/5400+30:1800+30"]

1. c4 c6 2. Nf3 d5 3. g3 Nf6 4. Bg2 g6 5. b3 Bg7 6. Bb2 O-O 7. O-O Bg4 8. d3 Nbd7 9. Nbd2 Ne8 10. Bxg7 Kxg7 11. b4 Nef6 12. Qb3 Bxf3 13. Bxf3 e6 14. Rfc1 Qb6 15. Rab1 Kg8 16. Qc3 e5 17. b5 d4 18. Qa1 c5 19. a4 Rab8 20. a5 Qd6 21. Re1 Rfd8 22. e3 Nf8 23. b6 a6 24. exd4 cxd4 25. c5 Qxc5 26. Rbc1 Qe7 27. Nc4 N8d7 28. Qxd4 exd4 29. Rxe7 Kf8 30. Re2 Rdc8 31. g4 Rc5 32. Rce1 Nd5 33. Re4 Nb4 34. Rxd4 Nc2 35. Rxd7 Nxe1 36. Bd5 Ke8 37. Ne5 Nf3+ 38. Bxf3 Rxe5 39. Rc7 Rxa5 40. Bxb7 Kf8 41. Kg2 Rb5 42. Bxa6 R5xb6 43. Bc4 R8b7 44. Rc8+ Kg7 45. Re8 Rb2 46. g5 Rc7 47. Re5 f6 48. gxf6+ Kxf6 49. Re6+ Kf5 50. Re8 Rc6 51. Kg3 Rd2 52. Re7 h6 53. h4 Rd1 54. Rh7 h5 55. f3 Rf6 56. Rd7 Rg1+ 57. Kf2 Rc1 58. Kg3 Rb6 59. Rf7+ Ke5 60. Re7+ Kf6 61. Rh7 Ke5 62. Re7+ Kd4 63. Rd7+ Ke3 64. Re7+ Kd2 65. Rf7 Rd6 66. Rf4 Rg1+ 67. Kf2 Re1 68. d4 Rb1 69. Bf7 Rb4 70. Kg3 Kd3 71. Ba2 Rdxd4 72. Rf6 Rxh4 73. Bb1+ Rxb1 74. Kxh4 Rg1 75. Re6 Rg2 76. Re1 Kd2 77. Re6 Rg1 78. Re5 Kd3 79. Re4 Rg2 80. Re1 Re2 81. Rg1 Re6 82. Kg5 Ke2 83. f4 Kf3 84. f5 gxf5 85. Kxf5 Re8 86. Rh1 Rh8 87. Kg5 Rg8+ 88. Kh4 Rg4+ 1/2-1/2

[Event "12th Asrian Memorial 2019"]
[Site "Yerevan"]
[Date "2019.06.13"]
[Round "3.8"]
[White "Gevorgyan, Albert"]
[Black "Hayrapetyan, Hovik"]
[Result "0-1"]
[ECO "D37"]
[WhiteElo "2088"]
[BlackElo "2449"]
[Annotator "NA"]
[PlyCount "82"]
[EventDate "2019.06.11"]
[EventType "swiss"]
[EventCountry "ARM"]
[SourceTitle "playchess.com"]
[Source "ChessBase"]
[SourceQuality "1"]
[TimeControl "40/5400+30:1800+30"]

1. Nf3 d5 2. d4 Nf6 3. c4 e6 4. Nc3 Be7 5. g3 O-O 6. Bg2 Nbd7 7. O-O dxc4 8. e4 a6 9. a4 Rb8 10. a5 b5 11. axb6 Nxb6 12. Qe2 Bb7 13. Rd1 Qe8 14. Bf4 Rc8 15. Ne5 Bd6 16. Nxc4 Nxc4 17. Qxc4 Bxf4 18. gxf4 Nh5 19. Ne2 Qe7 20. Qb3 c5 21. Qh3 g6 22. Bf3 Ng7 23. e5 cxd4 24. Rxd4 Rc2 25. Nc3 Rxb2 26. Bxb7 Qxb7 27. Ne4 Nh5 28. Rad1 Rb1 29. Qf3 Kg7 30. Rxb1 Qxb1+ 31. Rd1 Qb4 32. Rd7 Rc8 33. Ng5 Kg8 34. Rxf7 Qb1+ 35. Kg2 h6 36. Rb7 Nxf4+ 37. Kg3 Qg1+ 38. Kxf4 hxg5+ 39. Ke4 Rc4+ 40. Kd3 Qf1+ 41. Kd2 Qc1+ 0-1

[Event "12th Asrian Memorial 2019"]
[Site "Yerevan"]
[Date "2019.06.13"]
[Round "3.11"]
[White "Vaganian, Rafael A"]
[Black "Gevorgyan, Maria"]
[Result "1-0"]
[ECO "A38"]
[WhiteElo "2526"]
[BlackElo "2293"]
[Annotator "ChessBase"]
[PlyCount "115"]
[EventDate "2019.06.11"]
[EventType "swiss"]
[EventCountry "ARM"]
[SourceTitle "playchess.com"]
[Source "ChessBase"]
[SourceQuality "1"]
[TimeControl "40/5400+30:1800+30"]

1. Nf3 Nf6 2. g3 g6 3. Bg2 Bg7 4. c4 c5 5. Nc3 Nc6 6. d4 cxd4 7. Nxd4 O-O 8. O-O Qa5 9. Nb3 Qh5 10. e4 d6 11. Qxh5 Nxh5 12. c5 a5 13. Na4 Be6 14. Rd1 Rfd8 15. Be3 Nb4 16. Nb6 Nc2 17. Nxa8 Nxa1 18. Nxa1 Rxa8 19. e5 dxc5 20. f4 f6 21. Bd5 Bxd5 22. Rxd5 fxe5 23. fxe5 Bh8 24. Rxc5 Ng7 25. Nb3 Nf5 26. Bf2 a4 27. Nd2 Kf7 28. Nf3 h6 29. Rc7 g5 30. g4 Nh4 31. Nxh4 gxh4 32. Bxh4 Re8 33. Rxb7 Bxe5 34. Kg2 Ke6 35. Ra7 Bxb2 36. Rxa4 Kd5 37. Ra5+ Ke4 38. Ra6 e5 39. Rxh6 Ra8 40. Rf6 Bd4 41. g5 Rxa2+ 42. Kh3 Kd3 43. g6 Ra8 44. Rd6 Rg8 45. Kg4 Ke4 46. Bg3 Be3 47. Re6 Bd4 48. h4 Kd5 49. Ra6 e4 50. h5 Bc3 51. Rd6+ Kc5 52. h6 e3 53. h7 Re8 54. Rd7 Re6 55. Kh5 e2 56. Rc7+ Kb4 57. Rxc3 Re5+ 58. Kh6 1-0

[Event "12th Asrian Memorial 2019"]
[Site "Yerevan"]
[Date "2019.06.13"]
[Round "3.12"]
[White "Gholami Orimi, Mahdi"]
[Black "Melkonyan, Arshak"]
[Result "1-0"]
[ECO "D11"]
[WhiteElo "2445"]
[BlackElo "1986"]
[Annotator "NA"]
[PlyCount "91"]
[EventDate "2019.06.11"]
[EventType "swiss"]
[EventCountry "ARM"]
[SourceTitle "playchess.com"]
[Source "ChessBase"]
[SourceQuality "1"]
[TimeControl "40/5400+30:1800+30"]

1. d4 d5 2. c4 c6 3. Nf3 e6 4. e3 f5 5. Bd3 Nf6 6. O-O Bd6 7. b3 Qe7 8. Nc3 O-O 9. Bb2 Ne4 10. Ne2 Nd7 11. Ne5 Nxe5 12. dxe5 Bc7 13. Qc2 Rd8 14. Nf4 g6 15. f3 Ng5 16. Ne2 Nf7 17. f4 Bb6 18. Nd4 Bd7 19. cxd5 cxd5 20. Qe2 Rdc8 21. Kh1 Ba5 22. h3 Bc3 23. Rac1 Bxb2 24. Qxb2 Nd8 25. a3 a6 26. b4 Ba4 27. Ne2 Bd7 28. Qb3 Nc6 29. Rc3 Na7 30. Rfc1 Qe8 31. Nd4 Nb5 32. Bxb5 Bxb5 33. Qb2 Bc4 34. g4 b5 35. Rg1 Kh8 36. gxf5 gxf5 37. e4 dxe4 38. Nxf5 Qh5 39. Nd6 Rg8 40. Rcg3 Rxg3 41. Rxg3 Rf8 42. Qf2 Qh6 43. Qa7 Rxf4 44. Nf7+ Rxf7 45. Qxf7 Qc1+ 46. Rg1 1-0

[Event "12th Asrian Memorial 2019"]
[Site "Yerevan"]
[Date "2019.06.13"]
[Round "3.13"]
[White "Karapetyan, Alexander"]
[Black "Sargsyan, Tigran R."]
[Result "0-1"]
[ECO "B28"]
[WhiteElo "1339"]
[BlackElo "2367"]
[Annotator "NA"]
[PlyCount "82"]
[EventDate "2019.06.11"]
[EventType "swiss"]
[EventCountry "ARM"]
[SourceTitle "playchess.com"]
[Source "ChessBase"]
[SourceQuality "1"]
[TimeControl "40/5400+30:1800+30"]

1. e4 c5 2. Nf3 a6 3. c4 e6 4. d4 cxd4 5. Nxd4 Nf6 6. Nc3 Qc7 7. a3 b6 8. Be2 Bb7 9. f3 d6 10. Be3 Be7 11. O-O O-O 12. Rc1 Nbd7 13. Qc2 Rfe8 14. f4 Bf8 15. Qb1 Rac8 16. b3 Qb8 17. Bf3 Qa8 18. Rfe1 d5 19. cxd5 Bxa3 20. dxe6 Bxc1 21. exd7 Bxe3+ 22. Rxe3 Nxd7 23. Nf5 Re6 24. Qd1 Rd8 25. Qe1 Nc5 26. Qg3 g6 27. Nh6+ Kf8 28. f5 Red6 29. e5 Rd3 30. Bxb7 Qxb7 31. e6 Rxe3 32. Qxe3 fxe6 33. b4 exf5 34. bxc5 Qe7 35. Qxe7+ Kxe7 36. cxb6 Kf6 37. g4 Kg7 38. Nxf5+ gxf5 39. gxf5 Rd2 40. Na4 Rd1+ 41. Kf2 Rb1 0-1

[Event "12th Asrian Memorial 2019"]
[Site "Yerevan"]
[Date "2019.06.14"]
[Round "4.1"]
[White "Onischuk, Vladimir"]
[Black "Baghdasaryan, Vahe"]
[Result "1-0"]
[ECO "A04"]
[WhiteElo "2630"]
[BlackElo "2357"]
[Annotator "RC"]
[PlyCount "91"]
[EventDate "2019.06.11"]
[EventType "swiss"]
[EventCountry "ARM"]
[SourceTitle "playchess.com"]
[Source "ChessBase"]
[SourceQuality "1"]
[TimeControl "40/5400+30:1800+30"]

1. Nf3 c5 2. g3 Nc6 3. Bg2 g6 4. d4 cxd4 5. Nxd4 Bg7 6. Nb3 d6 7. Nc3 h5 8. h3 Nf6 9. e4 Bd7 10. O-O Ne5 11. Qe2 h4 12. f4 Nh5 13. gxh4 Ng3 14. Qf2 Nxf1 15. fxe5 Bxe5 16. Bf4 Bxf4 17. Qxf4 Qb6+ 18. Kxf1 Rc8 19. Ke2 a5 20. Kd2 a4 21. Nd5 Qa7 22. Rf1 Be6 23. Nc1 a3 24. b3 Qd4+ 25. Nd3 Rh5 26. Qf2 Qh8 27. N5f4 Rxh4 28. Nxe6 fxe6 29. e5 dxe5 30. Bxb7 Qh6+ 31. Kd1 Qh5+ 32. Bf3 Qh8 33. Bg4 Rxg4 34. hxg4 e4 35. Nc5 Qg7 36. Ke2 Rc6 37. b4 Rd6 38. Qf4 e3 39. Qxe3 Qb2 40. Qe4 Rd5 41. Qxg6+ Kd8 42. Rf8+ Kc7 43. Nxe6+ Kb7 44. Nc5+ Rxc5 45. bxc5 Qe5+ 46. Kf3 1-0

[Event "12th Asrian Memorial 2019"]
[Site "Yerevan"]
[Date "2019.06.14"]
[Round "4.2"]
[White "Hayrapetyan, Hovik"]
[Black "Vardanian, Haik G."]
[Result "1-0"]
[ECO "A30"]
[WhiteElo "2449"]
[BlackElo "2357"]
[Annotator "NA"]
[PlyCount "157"]
[EventDate "2019.06.11"]
[EventType "swiss"]
[EventCountry "ARM"]
[SourceTitle "playchess.com"]
[Source "ChessBase"]
[SourceQuality "1"]
[TimeControl "40/5400+30:1800+30"]

1. Nf3 Nf6 2. c4 e6 3. g3 b6 4. Bg2 Bb7 5. O-O c5 6. Nc3 Be7 7. d4 cxd4 8. Qxd4 Nc6 9. Qf4 O-O 10. Rd1 Qb8 11. Qxb8 Nxb8 12. Bf4 Na6 13. Ne5 Bxg2 14. Kxg2 Rfc8 15. Nxd7 Nxd7 16. Rxd7 Bf6 17. Rc1 Rxc4 18. Nb5 Rxc1 19. Bxc1 Nb4 20. a3 Nc6 21. Rc7 Nd4 22. Nxd4 Bxd4 23. f4 h5 24. e3 Bc5 25. Kf3 a5 26. Bd2 Kf8 27. Bc3 g6 28. Bf6 Ke8 29. Rb7 Rc8 30. Ke4 Rc6 31. h3 Bd6 32. g4 hxg4 33. hxg4 Bc7 34. g5 Kd7 35. Ra7 Rc4+ 36. Kd3 Rc5 37. Bd4 Rd5 38. e4 Rd6 39. Kc4 Kc6 40. Be5 b5+ 41. Kc3 Rd7 42. Rxc7+ Rxc7 43. Bxc7 Kxc7 44. Kd4 Kd6 45. b3 Kc6 46. Ke5 Kd7 47. Kf6 Ke8 48. f5 exf5 49. exf5 gxf5 50. Kxf5 Kf8 51. Kf6 Ke8 52. Ke5 Kf8 53. Kd5 Kg7 54. Kc5 Kg6 55. Kxb5 Kxg5 56. Kxa5 f5 57. b4 f4 58. b5 f3 59. b6 f2 60. b7 f1=Q 61. b8=Q Qd1 62. a4 Kf6 63. Qf8+ Ke6 64. Qe8+ Kf6 65. Kb6 Qd4+ 66. Kb7 Qd2 67. Qb5 Ke7 68. a5 Qg2+ 69. Ka7 Qa2 70. a6 Kd8 71. Qb6+ Kc8 72. Qc6+ Kd8 73. Ka8 Qa5 74. Kb7 Qe1 75. Qd5+ Ke8 76. a7 Qb4+ 77. Ka6 Qa3+ 78. Kb6 Qe3+ 79. Qc5 1-0

[Event "12th Asrian Memorial 2019"]
[Site "Yerevan"]
[Date "2019.06.14"]
[Round "4.4"]
[White "Davtyan, Artur"]
[Black "Petrosian, Tigran L."]
[Result "1/2-1/2"]
[ECO "A85"]
[WhiteElo "2431"]
[BlackElo "2612"]
[Annotator "ChessBase"]
[PlyCount "20"]
[EventDate "2019.06.11"]
[EventType "swiss"]
[EventCountry "ARM"]
[SourceTitle "playchess.com"]
[Source "ChessBase"]
[SourceQuality "1"]
[TimeControl "40/5400+30:1800+30"]

1. d4 f5 2. c4 Nf6 3. Nc3 g6 4. Bf4 Bg7 5. e3 d6 6. Be2 O-O 7. Nf3 Nh5 8. O-O Nxf4 9. exf4 c5 10. dxc5 dxc5 1/2-1/2

[Event "12th Asrian Memorial 2019"]
[Site "Yerevan"]
[Date "2019.06.14"]
[Round "4.5"]
[White "Andriasian, Zaven"]
[Black "Gharibyan, Mamikon"]
[Result "1/2-1/2"]
[ECO "A06"]
[WhiteElo "2600"]
[BlackElo "2320"]
[Annotator "ChessBase"]
[PlyCount "120"]
[EventDate "2019.06.11"]
[EventType "swiss"]
[EventCountry "ARM"]
[SourceTitle "playchess.com"]
[Source "ChessBase"]
[SourceQuality "1"]
[TimeControl "40/5400+30:1800+30"]

1. Nf3 d5 2. g3 g6 3. c4 dxc4 4. Na3 Nc6 5. Nxc4 Bg7 6. Bg2 e5 7. d3 Nge7 8. O-O O-O 9. Bd2 Be6 10. Rc1 Qd7 11. Bc3 f6 12. Nfd2 Rad8 13. a4 Nd5 14. a5 b5 15. axb6 axb6 16. Ne4 Nd4 17. Re1 Kh8 18. Ra1 f5 19. Bxd4 exd4 20. Ng5 Bg8 21. Nf3 Rfe8 22. Qd2 Re7 23. Ra7 Rde8 24. Kf1 Qc6 25. Raa1 b5 26. Na3 Qb6 27. Nc2 c5 28. Qa5 Qb8 29. Na3 Rb7 30. Qd2 Qd6 31. Qa5 Reb8 32. Qd2 Nb4 33. Red1 Bb3 34. Rdc1 Rc7 35. Qf4 Qxf4 36. gxf4 Na2 37. Re1 Bg8 38. Ne5 Nb4 39. Rec1 Bxe5 40. fxe5 c4 41. dxc4 bxc4 42. Nc2 d3 43. Nxb4 dxe2+ 44. Ke1 Rxb4 45. Rc2 Be6 46. Rxe2 Kg7 47. Ra3 Rb3 48. Rxb3 cxb3 49. f4 Rc4 50. Rf2 h6 51. h4 g5 52. hxg5 hxg5 53. fxg5 Kg6 54. Bf1 Rc5 55. Bd3 Rxe5+ 56. Re2 Rxe2+ 57. Kxe2 Kxg5 58. Bxf5 Bxf5 59. Kd2 Kf4 60. Kc1 Ke3 1/2-1/2

[Event "12th Asrian Memorial 2019"]
[Site "Yerevan"]
[Date "2019.06.14"]
[Round "4.6"]
[White "Chibukhchian, Artur"]
[Black "Kulaots, Kaido"]
[Result "1/2-1/2"]
[ECO "A04"]
[WhiteElo "2374"]
[BlackElo "2574"]
[Annotator "ChessBase"]
[PlyCount "87"]
[EventDate "2019.06.11"]
[EventType "swiss"]
[EventCountry "ARM"]
[SourceTitle "playchess.com"]
[Source "ChessBase"]
[SourceQuality "1"]
[TimeControl "40/5400+30:1800+30"]

1. Nf3 g6 2. e4 c5 3. d4 cxd4 4. Qxd4 Nf6 5. e5 Nc6 6. Qa4 Nd5 7. Qe4 Ndb4 8. Bb5 Qa5 9. Nc3 d5 10. Qe2 Bg4 11. O-O e6 12. a3 Bxf3 13. Qxf3 Nxc2 14. Nxd5 O-O-O 15. Bxc6 bxc6 16. Nc3 Nxa1 17. Bg5 Rd7 18. Qxc6+ Qc7 19. Qa8+ Qb8 20. Qc6+ Rc7 21. Qe8+ Kb7 22. Qa4 Ka8 23. Rxa1 Be7 24. Qe4+ Qb7 25. Bxe7 Rxe7 26. Rd1 Rb8 27. b4 Rc8 28. Qe3 Rd7 29. Re1 Qb6 30. Qf3+ Qc6 31. Ne4 Rd4 32. h3 Qd5 33. Re3 Rc7 34. Ng5 Qxf3 35. Rxf3 Rdc4 36. Nxf7 Rc3 37. Rf6 Rxa3 38. Nd6 a6 39. Rxe6 Rb3 40. Re8+ Ka7 41. e6 Rxb4 42. e7 Rb1+ 43. Kh2 Re1 44. f4 1/2-1/2

[Event "12th Asrian Memorial 2019"]
[Site "Yerevan"]
[Date "2019.06.14"]
[Round "4.7"]
[White "Der Manuelian, Haik"]
[Black "Vaganian, Rafael A"]
[Result "1/2-1/2"]
[ECO "A40"]
[WhiteElo "2309"]
[BlackElo "2526"]
[Annotator "ChessBase"]
[PlyCount "61"]
[EventDate "2019.06.11"]
[EventType "swiss"]
[EventCountry "ARM"]
[SourceTitle "playchess.com"]
[Source "ChessBase"]
[SourceQuality "1"]
[TimeControl "40/5400+30:1800+30"]

1. d4 Nf6 2. c4 e6 3. g3 d5 4. Nf3 Bb4+ 5. Bd2 Be7 6. Bg2 c6 7. Qc2 Nbd7 8. O-O b6 9. Bf4 Bb7 10. Rd1 Rc8 11. Qa4 a6 12. Qb3 dxc4 13. Qxc4 b5 14. Qb3 c5 15. dxc5 Bd5 16. Qb4 Bxc5 17. Qe1 Ne4 18. e3 Qf6 19. Nc3 Nxc3 20. bxc3 Bxf3 21. Bxf3 e5 22. Bg4 Rc7 23. Rd5 exf4 24. Bxd7+ Rxd7 25. Rxc5 fxg3 26. Rc8+ Rd8 27. Rxd8+ Qxd8 28. hxg3 O-O 29. a4 g6 30. axb5 axb5 31. Qe2 1/2-1/2

[Event "12th Asrian Memorial 2019"]
[Site "Yerevan"]
[Date "2019.06.14"]
[Round "4.8"]
[White "Sargsyan, Shant"]
[Black "Hoghmrtsyan, Artur"]
[Result "1-0"]
[ECO "C58"]
[WhiteElo "2512"]
[BlackElo "2309"]
[Annotator "ChessBase"]
[PlyCount "87"]
[EventDate "2019.06.11"]
[EventType "swiss"]
[EventCountry "ARM"]
[SourceTitle "playchess.com"]
[Source "ChessBase"]
[SourceQuality "1"]
[TimeControl "40/5400+30:1800+30"]

1. e4 e5 2. Nf3 Nc6 3. Bc4 Nf6 4. Ng5 d5 5. exd5 Na5 6. Bb5+ c6 7. dxc6 bxc6 8. Bd3 Nd5 9. Nf3 Nf4 10. Bf1 Ng6 11. Nc3 Bc5 12. d3 O-O 13. Be2 f5 14. O-O Nb7 15. d4 exd4 16. Na4 Be7 17. Qxd4 Be6 18. Qxd8 Rfxd8 19. Re1 Nc5 20. Nxc5 Bxc5 21. Bg5 Rf8 22. Bd3 Bd5 23. Be3 Bd6 24. Rad1 Rab8 25. b3 Bb4 26. Bd2 Bxf3 27. gxf3 Nh4 28. Bc4+ Kh8 29. Bxb4 Rxb4 30. Re7 Nxf3+ 31. Kh1 Rbb8 32. Rxa7 Ne5 33. Bf1 f4 34. a4 g5 35. a5 Rbd8 36. Rxd8 Rxd8 37. Re7 Ng6 38. Re1 Kg7 39. a6 Kf6 40. b4 Ne5 41. c4 Ra8 42. b5 f3 43. Rb1 Nd7 44. bxc6 1-0

[Event "12th Asrian Memorial 2019"]
[Site "Yerevan"]
[Date "2019.06.14"]
[Round "4.9"]
[White "Sargsyan, Tigran R."]
[Black "Mikaelyan, Arman"]
[Result "1/2-1/2"]
[ECO "E69"]
[WhiteElo "2367"]
[BlackElo "2453"]
[Annotator "ChessBase"]
[PlyCount "150"]
[EventDate "2019.06.11"]
[EventType "swiss"]
[EventCountry "ARM"]
[SourceTitle "playchess.com"]
[Source "ChessBase"]
[SourceQuality "1"]
[TimeControl "40/5400+30:1800+30"]

1. d4 Nf6 2. Nf3 g6 3. c4 Bg7 4. g3 O-O 5. Bg2 d6 6. O-O Nbd7 7. Nc3 e5 8. e4 c6 9. h3 Qa5 10. Rb1 Qb4 11. Qb3 a5 12. Rd1 exd4 13. Nxd4 Nc5 14. Qc2 Qxc4 15. Bf1 Qb4 16. a3 Qb6 17. b4 axb4 18. axb4 Ncd7 19. Be3 Qd8 20. b5 c5 21. Nde2 Qe7 22. b6 Ne5 23. Nb5 Nf3+ 24. Kg2 Bd7 25. Kxf3 Ra2 26. Qd3 d5 27. Kg2 c4 28. Qc3 d4 29. Nbxd4 Qxe4+ 30. f3 Nd5 31. fxe4 Nxc3 32. Rbc1 Nxd1 33. Rxd1 c3 34. Rc1 Rc8 35. Kf3 c2 36. Kf2 Bf8 37. Ke1 Ba3 38. e5 Bxc1 39. Nxc1 Rb2 40. Nde2 Bc6 41. Nc3 Re8 42. Kd2 Rxe5 43. Bd3 Rxe3 44. Kxe3 Kg7 45. Kd2 f5 46. Bxc2 Rxb6 47. Nd3 Kf6 48. h4 Ra6 49. Ke3 Ra8 50. Nf4 Re8+ 51. Kf2 Ke5 52. Ke3 Kd6+ 53. Kd4 Rd8 54. Bd3 Rf8 55. Bc4 Re8 56. Bd3 Re1 57. Nh3 Ke7 58. Ne2 Kf6 59. Nhf4 Rd1 60. Nc3 Rd2 61. Nfe2 Rb2 62. Nf4 Rh2 63. Bc4 h6 64. Bd3 g5 65. hxg5+ Kxg5 66. Ke5 Kg4 67. Nce2 Kf3 68. Bxf5 Rxe2+ 69. Nxe2 Kxe2 70. g4 b5 71. Kf6 Kf3 72. Kg6 Kf4 73. Kxh6 b4 74. Be6 b3 75. Bxb3 Kxg4 1/2-1/2

[Event "12th Asrian Memorial 2019"]
[Site "Yerevan"]
[Date "2019.06.14"]
[Round "4.10"]
[White "Harutyunian, Tigran K."]
[Black "Basencyan, Mark"]
[Result "1/2-1/2"]
[ECO "A48"]
[WhiteElo "2552"]
[BlackElo "2154"]
[Annotator "ChessBase"]
[PlyCount "113"]
[EventDate "2019.06.11"]
[EventType "swiss"]
[EventCountry "ARM"]
[SourceTitle "playchess.com"]
[Source "ChessBase"]
[SourceQuality "1"]
[TimeControl "40/5400+30:1800+30"]

1. d4 Nf6 2. Nf3 g6 3. Nbd2 Bg7 4. e4 d6 5. Bb5+ c6 6. Ba4 O-O 7. O-O Bg4 8. Re1 d5 9. c3 dxe4 10. Nxe4 Nbd7 11. Nxf6+ Nxf6 12. h3 Bxf3 13. Qxf3 e6 14. Bf4 Nd5 15. Bg3 Qf6 16. Qe2 Rfe8 17. Rad1 h5 18. Bb3 h4 19. Bh2 Qg5 20. Bc2 Rad8 21. Qf3 Re7 22. Re4 Red7 23. Rde1 Qd2 24. R4e2 Qg5 25. Be5 Bxe5 26. Rxe5 Qf6 27. Qg4 Ne7 28. R1e4 Nf5 29. Rf4 Rd5 30. Bxf5 Rxe5 31. dxe5 exf5 32. exf6 fxg4 33. hxg4 g5 34. Re4 Rd2 35. b4 Kh7 36. a4 Kg6 37. Re7 b5 38. Rxa7 bxa4 39. Rxa4 Rc2 40. Ra3 Kxf6 41. Ra6 Rxc3 42. b5 Ke6 43. bxc6 Kd6 44. f4 gxf4 45. Kf2 Rg3 46. Ra4 Rxg4 47. Rc4 Kc7 48. Rc5 Rg3 49. Rh5 Kxc6 50. Rxh4 Kd6 51. Rxf4 Rg7 52. Kf3 Ke6 53. Ra4 f6 54. Ra6+ Kf5 55. g4+ Kg5 56. Ra5+ Kg6 57. Ke4 1/2-1/2

[Event "12th Asrian Memorial 2019"]
[Site "Yerevan"]
[Date "2019.06.14"]
[Round "4.11"]
[White "Shmavonyan, Areg"]
[Black "Babujian, Levon"]
[Result "0-1"]
[ECO "E06"]
[WhiteElo "2180"]
[BlackElo "2485"]
[Annotator "ChessBase"]
[PlyCount "120"]
[EventDate "2019.06.11"]
[EventType "swiss"]
[EventCountry "ARM"]
[SourceTitle "playchess.com"]
[Source "ChessBase"]
[SourceQuality "1"]
[TimeControl "40/5400+30:1800+30"]

1. d4 Nf6 2. Nf3 d5 3. c4 e6 4. g3 Be7 5. Bg2 O-O 6. O-O dxc4 7. Qc2 b5 8. a4 b4 9. Nfd2 c6 10. Nxc4 Qxd4 11. Rd1 Qc5 12. Be3 Qh5 13. Nbd2 Ng4 14. Nf3 Nd7 15. Bd4 Ba6 16. Bxg7 Rfd8 17. Bd4 c5 18. h3 cxd4 19. hxg4 Qc5 20. b3 Nb6 21. Rac1 Rac8 22. Nfd2 Nxc4 23. bxc4 Qg5 24. Bf3 Qg6 25. Qd3 Bg5 26. Rb1 Bxd2 27. Qxd2 e5 28. Rxb4 Bxc4 29. Bb7 Rb8 30. Rxc4 Rxb7 31. Qa5 Re8 32. Qd5 Rb6 33. Rc7 Rf6 34. Qd7 Rf8 35. Rdc1 Qe4 36. g5 Rb6 37. Rc8 Rxc8 38. Qxc8+ Kg7 39. a5 Rb1 40. Rxb1 Qxb1+ 41. Kh2 Qe1 42. Qf5 Qxa5 43. f4 Qd5 44. Qf6+ Kg8 45. fxe5 a5 46. Qe7 Kg7 47. Qf6+ Kf8 48. e6 Qxe6 49. Qd8+ Qe8 50. Qd6+ Kg8 51. Qxd4 Qxe2+ 52. Kg1 Qe8 53. Kf2 Qa8 54. Qa4 Qd5 55. Qf4 Qa2+ 56. Kf1 Qa1+ 57. Kg2 a4 58. Qb8+ Kg7 59. Qd6 a3 60. Kh3 Qb2 0-1

[Event "12th Asrian Memorial 2019"]
[Site "Yerevan"]
[Date "2019.06.14"]
[Round "4.12"]
[White "Kotanjian, Tigran"]
[Black "Yeremyan, Alen"]
[Result "1-0"]
[ECO "E97"]
[WhiteElo "2462"]
[BlackElo "2128"]
[Annotator "ChessBase"]
[PlyCount "95"]
[EventDate "2019.06.11"]
[EventType "swiss"]
[EventCountry "ARM"]
[SourceTitle "playchess.com"]
[Source "ChessBase"]
[SourceQuality "1"]
[TimeControl "40/5400+30:1800+30"]

1. d4 Nf6 2. c4 g6 3. Nc3 Bg7 4. e4 d6 5. Nf3 O-O 6. Be2 e5 7. O-O Nc6 8. d5 Ne7 9. b4 a5 10. Ba3 axb4 11. Bxb4 b6 12. a4 Re8 13. Qd3 Nf5 14. a5 bxa5 15. Bxa5 Bd7 16. exf5 e4 17. Qd2 exf3 18. Bxf3 Bxf5 19. Nb5 Rc8 20. c5 dxc5 21. Nxc7 Re5 22. Ne6 Rxd5 23. Bxd5 Qxd5 24. Nxg7 Kxg7 25. Qb2 Rc6 26. Bc3 g5 27. Rfd1 Qe4 28. Re1 Qf4 29. Ra8 Bg6 30. Re3 Rd6 31. Ra1 Rd4 32. Rf3 Qd6 33. Bxd4 Qxd4 34. Qxd4 cxd4 35. Ra4 d3 36. Rd4 h5 37. Re3 Bf5 38. f3 Kg6 39. Rd6 Kg7 40. Re5 Kg6 41. Kf2 h4 42. Ke3 Be6 43. Kxd3 Nh5 44. Ke4 Kf6 45. Rf5+ Kg6 46. Ke5 Ng7 47. Rf6+ Kh7 48. g4 1-0